 Dungeon Crawl Stone Soup version 0.29-a0-286-g41199d4a87 (console) character file.

Game seed: 1016159847330440936

141078 Ignak the Warrior (level 17, -6/187 HPs)
             Began as an Ogre Warper on Mar 16, 2022.
             Was a High Priest of Okawaru.
             Mangled by a pharaoh ant (7 damage)
             ... on level 3 of the Spider Nest.
             The game lasted 01:58:12 (32032 turns).

Ignak the Warrior (Ogre Warper)                    Turns: 32032, Time: 01:58:12

Health: -6/187     AC: 15    Str: 37    XL:     17   Next: 32%
Magic:  1/34       EV: 17    Int: 29    God:    Okawaru [*****.]
Gold:   1268       SH:  5    Dex: 19    Spells: 17/43 levels left

rFire   . . .      SeeInvis +   Y - +5 giant club (vorpal)
rCold   + . .      Faith    .   (shield currently unavailable)
rNeg    + . .      Spirit   .   m - +1 robe of Vines {NoPotionHeal Regen++++}
rPois   .          Reflect  +   P - +4 hat of the Mice {Str+6 Int+2 Dex+5}
rElec   +          Harm     .   p - +0 cloak "Tidut" {rElec rN+ Will+ Int+4}
rCorr   .          Rampage  .   (gloves unavailable)
Will    ++...                   (boots unavailable)
Stlth   ++........              d - amulet of reflection
HPRegen 3.61/turn               g - ring "Rukoin" {rC+ AC+4 Dex-2 SInv}
MPRegen 0.24/turn               U - ring of Remil {Drain Str+6 Int+7 Dex+6}

@: lethally poisoned (-6 -> -9), spiked, very slightly contaminated, slowed,
studying Fire Magic, very slow
A: large, unfitting armour, tough skin 1, iridescent scales 1, agile 1, clever
1, passive freeze
a: Renounce Religion, Heroism, Finesse, Duel


You were on level 3 of the Spider Nest.
You worshipped Okawaru.
Okawaru was extremely pleased with you.
You visited 5 branches of the dungeon, and saw 27 of its levels.
You also visited: Volcano.

You collected 3384 gold pieces.
You spent 2116 gold pieces at shops.

Inventory:

Hand Weapons
 a - a +3 giant spiked club of protection
 Q - the +4 great mace "Fuobic" {flame, Str+6}
   (You found it on level 1 of the Lair of Beasts)

   It burns those it strikes, dealing additional fire damage.
   Str:       It affects your strength (+6).
 Y - a +5 vorpal giant club (weapon)
Missiles
 i - 26 poisoned darts (quivered)
 r - 6 boomerangs
Armour
 b - a scarf of repulsion
 m - the +1 robe of Vines (worn) {NoPotionHeal Regen++++}
   (You found it on level 10 of the Dungeon)

   Its wearer cannot be healed by potions.
   Regen:     It increases your rate of health regeneration.
 n - a +2 robe of resistance
 p - the +0 cloak "Tidut" (worn) {rElec rN+ Will+ Int+4}
   (You found it on level 12 of the Dungeon)

   Int:       It affects your intelligence (+4).
   rElec:     It insulates you from electricity.
   rN:        It protects you from negative energy.
   Will:      It increases your willpower.
 E - the +0 hat of Classification {rElec rF- Will+++ Str-4}
   (Okawaru gifted it to you on level 11 of the Dungeon)

   Str:       It affects your strength (-4).
   rF:        It makes you vulnerable to fire.
   rElec:     It insulates you from electricity.
   Will:      It greatly increases your willpower.
 P - the +4 hat of the Mice (worn) {Str+6 Int+2 Dex+5}
   (Okawaru gifted it to you on level 1 of the Lair of Beasts)

   Str:       It affects your strength (+6).
   Int:       It affects your intelligence (+2).
   Dex:       It affects your dexterity (+5).
Jewellery
 d - an amulet of reflection (around neck)
 g - the ring "Rukoin" (left hand) {rC+ AC+4 Dex-2 SInv}
   (You bought it in a shop on level 2 of the Orcish Mines)

   [ring of protection]

   AC:        It affects your AC (+4).
   Dex:       It affects your dexterity (-2).
   rC:        It protects you from cold.
   SInv:      It lets you see invisible.
 j - a ring of willpower
 q - a ring of fire
 u - a ring of willpower
 w - a ring of flight
 x - an amulet of the acrobat
 A - a ring of ice
 C - a ring of positive energy
 U - the ring of Remil (right hand) {Drain Str+6 Int+7 Dex+6}
   (You acquired it on level 1 of the Spider Nest)

   [ring of strength]

   Str:       It affects your strength (+6).
   Int:       It affects your intelligence (+7).
   Dex:       It affects your dexterity (+6).
   Drain:     It drains your maximum health when unequipped.
 X - an amulet of regeneration
Wands
 l - a wand of digging (6)
 z - a wand of mindburst (26)
 D - a wand of polymorph (9)
 L - a wand of paralysis (7)
 N - a wand of acid (9)
 V - a wand of iceblast (8)
 W - a wand of flame (8)
Scrolls
 c - 2 scrolls of blinking
 e - 2 scrolls of fear
 o - 9 scrolls of identify
 y - 11 scrolls of teleportation
 F - 4 scrolls of enchant armour
 H - a scroll of silence
 I - a scroll of holy word
 M - a scroll of summoning
 S - 3 scrolls of fog
 Z - 8 scrolls of magic mapping
Potions
 f - 7 potions of might
 h - 10 potions of flight
 k - 3 potions of ambrosia
 s - 4 potions of heal wounds
 t - 2 potions of mutation
 v - 3 potions of berserk rage
 B - 2 potions of magic
 G - 3 potions of invisibility
 J - 3 potions of brilliance
 K - a potion of lignification
 O - 5 potions of curing
 R - a potion of cancellation
 T - 2 potions of resistance


   Skills:
 + Level 15.9 Fighting
 * Level 15.8 Maces & Flails
 - Level 1.0 Throwing
 + Level 11.5 Dodging
 - Level 3.0 Unarmed Combat
 + Level 13.5 Spellcasting
 + Level 10.8 Translocations
 - Level 2.0 Ice Magic
 - Level 5.5 Air Magic
 - Level 4.0 Poison Magic
 - Level 7.2 Invocations


You had 17 spell levels left.
You knew the following spells:

 Your Spells              Type           Power      Damage    Failure   Level
a - Olgreb's Toxic Radia  Pois           43%        N/A       4%          4
b - Blink                 Tloc           100%       N/A       1%          2
c - Ozocubu's Armour      Ice            31%        N/A       3%          3
d - Poisonous Vapours     Pois/Air       94%        N/A       1%          2
e - Swiftness             Air            51%        N/A       1%          3
f - Airstrike             Air            25%        N/A       2%          4
g - Teleport Other        Tloc           70%        N/A       1%          3
z - Manifold Assault      Tloc           70%        N/A       1%          5

Your spell library contained the following spells:

 Spells                   Type           Power      Damage    Failure   Level
 Shock                    Conj/Air       100%       1d9       1%          1
 Sting                    Tmut/Pois      100%       1d8       1%          1
 Corpse Rot               Necr/Air       70%        N/A       1%          2
 Gell's Gravitas          Tloc           70%        N/A       1%          3
 Lesser Beckoning         Tloc           70%        N/A       1%          3
 Portal Projectile        Hex/Tloc       100%       N/A       1%          3
 Passage of Golubria      Tloc           70%        N/A       1%          4
 Iskenderun's Mystic Bla  Conj/Tloc      50%        2d11      2%          4
 Confusing Touch          Hex            19%        N/A       8%          3
 Dazzling Flash           Conj/Hex       38%        N/A       8%          3
 Stone Arrow              Conj/Erth      38%        3d9       8%          3
 Silence                  Hex/Air        17%        N/A       22%         5
 Fulminant Prism          Conj/Hex       9%         3d7       26%         4
 Leda's Liquefaction      Hex/Erth       9%         N/A       26%         4
 Petrify                  Tmut/Erth      19%        N/A       26%         4
 Metabolic Englaciation   Hex/Ice        12%        N/A       43%         5
 Fireball                 Conj/Fire      9%         3d6       58%         5
 Iskenderun's Battlesphe  Conj           19%        2d7       58%         5
 Lee's Rapid Deconstruct  Erth           9%         3d8*      58%         5
 Yara's Violent Unravell  Hex/Tmut       9%         3d6       58%         5
 Conjure Ball Lightning   Conj/Air       17%        3x3d6     77%         6
 Starburst                Conj/Fire      9%         6d5       99%         6
 Statue Form              Tmut/Erth      12%        N/A       99%         6
 Enfeeble                 Hex            9%         N/A       100%        7
 Orb of Destruction       Conj           9%         9d6       100%        7
 Ozocubu's Refrigeration  Ice            15%        4d8       100%        7
 Lehudib's Crystal Spear  Conj/Erth      9%         10d4      100%        8
 Call Canine Familiar     Summ           Unusable   N/A       N/A         3
 Animate Armour           Summ/Erth      Unusable   N/A       N/A         4

Dungeon Overview and Level Annotations

Branches:
Dungeon (15/15)            Temple (1/1) D:5            Lair (6/6) D:9
 Shoals (0/4) Lair:3       Spider (3/4) Lair:4        Slime (0/5) Lair:5
    Orc (2/2) D:11            Elf (0/3) Orc:2        Vaults (0/5) D:14
 Depths (0/4) D:15        Volcano (visited)

Altars:
Ashenzari
Cheibriados
Dithmenos
Elyvilon
Fedhas
Gozag
Hepliaklqana
Kikubaaqudgha
Makhleb
Nemelex Xobeh
Okawaru
Qazlal
Ru
Sif Muna
Trog
Uskayaw
Vehumet
Wu Jian
Xom
Yredelemnul
Zin
The Shining One
Beogh
Jiyva

Shops:
Orc:2 !=[*(*:(:

Annotations:
D:8 2 transporters
Spider:3 Jorgrun


Innate Abilities, Weirdness & Mutations

You are too large for most types of armour.
You have tough skin. (AC +1)
You are partially covered in iridescent scales. (AC +2)
You are agile. (Dex +2)
Your mind is acute. (Int +2)
A frigid envelope surrounds you and freezes all who hurt you.


Message History

You feel extremely sick.
Jorgrun Earthshaker comes into view.
He is wielding a staff of earth and wearing a +2 robe of the Archmagi.
A torpor snail comes into view.
Being near the torpor snail leaves you feeling lethargic.
The barbs in your skin will harm you if you move.
Continue?
The barbed spikes dig painfully into your body as you move.
* * * LOW HITPOINT WARNING * * *
You feel extremely sick.
A tarantella comes into view.
The tarantella touches you but does no damage.
The tarantella is very cold.
The tarantella is almost dead.
The spark wasp stings you but does no damage.
The spark wasp is very cold.
The spark wasp is heavily wounded.
The tarantella touches you!
* * * LOW HITPOINT WARNING * * *
The tarantella is very cold.
You kill the tarantella!
Okawaru accepts your kill.
An emperor scorpion comes into view.
There is a stone staircase leading up, spattered with blood here.
You feel extremely sick.
The tarantella hisses angrily.
The steelbarb worm looks more healthy.
The spark wasp stings you!
* * * LOW HITPOINT WARNING * * *
The spark wasp shocks you. You resist.
* * * LOW HITPOINT WARNING * * *
The spark wasp is very cold.
The spark wasp is severely wounded.
The steelbarb worm hits you.
* * * LOW HITPOINT WARNING * * *
Barbed spikes become lodged in your body.
The steelbarb worm is very cold.
The steelbarb worm is severely wounded.
The spark wasp completely misses you. The emperor scorpion misses you.
The emperor scorpion completely misses you.
You block the emperor scorpion's attack.
The pharaoh ant bites you!
You die...

##...
#####†.##
#.......#
##.<....^#
##..†.....##
#†.........#
#<....†....#
##†.(s.....#
#...y@....#
#...Bw....#
#^........#
#......>..#
##.....g.##
#....sw.#
#..##..ss
### .....


You could see Jorgrun, 2 emperor scorpions, a steelbarb worm, a spark wasp (very
poisoned), a torpor snail, a culicivora (wandering), a pharaoh ant and a
tarantella.

Vanquished Creatures
  Gastronok (Arena)
  Agnes (Arena)
  3 emperor scorpions (Spider:1)
  A fire giant (D:15)
  2 ghost moths
  An orc warlord (Orc:1)
  The ghost of Ekhlusag the Green Death, a journeyman MfGl of Fedhas (D:14)
  An ironbound preserver (D:14)
  A broodmother (Spider:1)
  A stone giant (Orc:2)
  3 entropy weavers
  Nessos (Lair:5)
  2 spark wasps
  Snorg (Lair:6)
  3 ettins (Orc:2)
  Josephine (Lair:6)
  2 fire dragons
  An ice dragon (D:13)
  11 hydras
  5 boulder beetles
  Erolcha (Orc:2)
  2 catoblepae (Lair:6)
  3 radroaches
  5 centaur warriors
  3 two-headed ogres (D:14)
  A death knight (D:14)
  6 death yaks (Lair:6)
  A dancing weapon (D:14)
  A tengu warrior (D:14)
  4 sun demons (Volcano)
  Urug (Lair:3)
  2 pharaoh ants
  Amaemon (Lair:3)
  A sun moth (Spider:2)
  6 orb spiders
  A steelbarb worm (Spider:3)
  A lindwurm (Lair:6)
  A wizard (D:14)
  2 phantasmal warriors (D:14)
  An orc knight (Orc:2)
  3 deep elf pyromancers
  13 ugly things
  2 orc sorcerers (Orc:1)
  11 cyclopes
  2 manticores
  6 wolf spiders
  4 oklob plants (Lair:5)
  Maurice (Orc:2)
  7 black mambas
  10 elephants
  2 molten gargoyles (Lair:6)
  An orange demon (Lair:2)
  An ice statue (D:13)
  2 torpor snails
  An unseen horror (D:10)
  2 smoke demons (Volcano)
  An unseen horror (shapeshifter) (D:14)
  9 cane toads
  3 rime drakes
  An efreet (D:13)
  15 komodo dragons
  6 demonic crawlers
  2 freezing wraiths
  9 trolls
  A wind drake (shapeshifter) (D:13)
  3 meliai (Spider:2)
  7 polar bears
  A tarantella (shapeshifter) (D:12)
  14 tarantellas
  A hornet (D:9)
  Prince Ribbit (D:8)
  26 blink frogs
  7 slime creatures
  7 dream sheep (Lair:5)
  A wind drake (Lair:3)
  24 jumping spiders
  16 culicivoras
  2 shadows
  Sigmund (D:2)
  36 yaks
  9 wraiths
  A hog (shapeshifter) (D:15)
  4 wyverns
  16 basilisks
  26 redbacks
  13 vampire mosquitoes
  6 steam dragons
  3 acid dragons
  6 wargs
  14 water moccasins
  20 orc warriors
  6 hell hounds
  Duvessa (D:5)
  5 black bears
  5 ice beasts
  8 ogres
  12 centaurs
  21 wolves
  4 phantoms
  2 kobold brigands
  14 bullfrogs
  A necrophage (D:4)
  A gnoll sergeant (D:5)
  2 scorpions (D:5)
  6 wights
  Dowan (D:5)
  12 killer bees (D:10)
  2 troll zombies (D:11)
  5 howler monkeys
  5 lava snakes (Lair:6)
  3 hounds
  2 jellies
  12 orc priests
  2 gnoll shamans
  2 iguanas
  Jessica (D:3)
  25 orc wizards
  6 hell rats (Lair:2)
  6 ogre zombies (D:11)
  6 adders
  14 gnolls
  A river rat (D:5)
  A shadow imp (D:5)
  3 white imps
  2 ufetubi
  2 worms
  2 dart slugs
  78 orcs
  4 endoplasms
  7 giant cockroaches
  9 goblins
  11 hobgoblins
  4 jackals (D:2)
  3 quokkas
  7 ball pythons
  6 bats
  3 frilled lizards
  2 goblin skeletons (D:11)
  6 goblin zombies (D:11)
  3 hobgoblin zombies (D:11)
  13 kobolds
  3 orc skeletons (D:11)
  11 orc zombies (D:11)
  3 rats
843 creatures vanquished.

Vanquished Creatures (others)
  The ghost of Qonint the Covert, an adept GnWn of Ashenzari (Spider:1)
  2 ghost moths (Spider:1)
  An orb spider (Spider:2)
  A cane toad (Lair:6)
  A culicivora (Spider:1)
  A steam dragon (Volcano)
  A dart slug (D:5)
  3 ball lightnings (Spider:1)
  24 fungi
  44 plants
79 creatures vanquished.

Grand Total: 922 creatures vanquished

Notes
Turn   | Place    | Note
-------+----------+-------------------------------------------
     0 | D:1      | Ignak the Ogre Warper began the quest for the Orb.
     0 | D:1      | Reached XP level 1. HP: 22/22 MP: 3/3
     6 | D:1      | Noticed a salamander
     6 | D:1      | Noticed a lindwurm
     6 | D:1      | Noticed a polar bear
     7 | D:1      | Noticed a wyvern
   547 | D:1      | Found a faded altar of an unknown god.
   570 | D:1      | Reached XP level 2. HP: 20/29 MP: 5/5
   573 | D:1      | Learned a level 2 spell: Blink
  1202 | D:1      | Reached XP level 3. HP: 37/37 MP: 7/7
  1814 | D:2      | Noticed Sigmund
  1831 | D:2      | Killed Sigmund
  1832 | D:2      | Reached XP level 4. HP: 19/48 MP: 9/9
  1832 | D:2      | Reached XP level 5. HP: 21/54 MP: 10/10
  2192 | D:2      | Identified the +0 cloak of Nitonin {*Corrode rElec Int+4}
  2280 | D:2      | Identified the +8 whip "Foit" {antimagic, +Blink rPois
                  | Int+4 Stlth-}
  2645 | D:3      | Learned a level 3 spell: Teleport Other
  2651 | D:3      | Learned a level 5 spell: Manifold Assault
  2679 | D:3      | Found a sacrificial altar of Ru.
  2797 | D:3      | Found a shadowy altar of Dithmenos.
  3178 | D:3      | Reached XP level 6. HP: 52/62 MP: 11/11
  3729 | D:3      | Noticed Jessica
  3738 | D:3      | Killed Jessica
  3806 | D:3      | Reached skill level 1 in Unarmed Combat
  4005 | D:4      | Reached XP level 7. HP: 71/71 MP: 12/12
  5601 | D:5      | Entered Level 5 of the Dungeon
  5766 | D:5      | Reached skill level 5 in Fighting
  5888 | D:5      | Reached XP level 8. HP: 25/80 MP: 14/14
  5916 | D:5      | Found a broken altar of Ashenzari.
  6026 | D:5      | Found a staircase to the Ecumenical Temple.
  6032 | Temple   | Entered the Ecumenical Temple
  6545 | Temple   | Became a worshipper of Warmaster Okawaru
  6563 | D:5      | Noticed Duvessa
  6564 | D:5      | Noticed Dowan
  6607 | D:5      | Killed Duvessa
  6608 | D:5      | Reached skill level 5 in Maces & Flails
  6622 | D:5      | Killed Dowan
  6924 | D:5      | You fall into a shaft and drop 2 floors!
  7171 | D:6      | Reached skill level 5 in Spellcasting
  7440 | D:5      | Reached * piety under Okawaru
  7932 | D:5      | Found an opulent altar of Gozag.
  8287 | D:6      | Reached XP level 9. HP: 47/89 MP: 16/16
  8556 | D:6      | Gained mutation: You have sharp toenails. [potion of
                  | mutation]
  8556 | D:6      | Gained mutation: Your mind is acute. (Int +2) [potion of
                  | mutation]
  8556 | D:6      | Gained mutation: You have an increased reservoir of magic.
                  | (+10% MP) [potion of mutation]
  9634 | D:7      | Reached ** piety under Okawaru
  9646 | D:7      | Reached skill level 5 in Translocations
 10044 | D:7      | Reached skill level 5 in Dodging
 10472 | D:8      | Noticed Prince Ribbit
 10509 | D:8      | Killed Prince Ribbit
 10867 | D:8      | Found a transporter.
 10873 | D:8      | Found a transporter.
 10873 | D:8      | Found a viscous altar of Jiyva.
 11027 | D:8      | Lost mutation: You have an increased reservoir of magic.
                  | (+10% MP) [potion of mutation]
 11027 | D:8      | Lost mutation: You have sharp toenails. [potion of
                  | mutation]
 11027 | D:8      | Gained mutation: Your natural rate of healing is unusually
                  | fast. [potion of mutation]
 11027 | D:8      | Gained mutation: Your spells are a little harder to cast,
                  | but a little more powerful. [potion of mutation]
 11028 | D:8      | Lost mutation: Your spells are a little harder to cast, but
                  | a little more powerful. [potion of mutation]
 11028 | D:8      | Lost mutation: Your natural rate of healing is unusually
                  | fast. [potion of mutation]
 11028 | D:8      | Gained mutation: You are partially covered in iridescent
                  | scales. (AC +2) [potion of mutation]
 11028 | D:8      | Gained mutation: A frigid envelope surrounds you and
                  | freezes all who hurt you. [potion of mutation]
 11028 | D:8      | Gained mutation: You are agile. (Dex +2) [potion of
                  | mutation]
 11052 | D:8      | Reached *** piety under Okawaru
 12120 | D:9      | Reached XP level 10. HP: 102/102 MP: 19/19
 12155 | D:9      | Found a staircase to the Lair.
 12266 | D:9      | Found a snail-covered altar of Cheibriados.
 13167 | D:10     | Entered Level 10 of the Dungeon
 13232 | D:10     | Noticed a deep elf pyromancer
 13236 | D:10     | Reached **** piety under Okawaru
 13553 | D:9      | Learned a level 3 spell: Portal Projectile
 13556 | D:9      | Learned a level 2 spell: Poisonous Vapours
 14189 | D:10     | Killed a deep elf pyromancer
 14189 | D:10     | Reached ***** piety under Okawaru
 14190 | D:10     | Noticed an eight-headed hydra
 14201 | D:10     | Killed an eight-headed hydra
 14201 | D:10     | Received a gift from Okawaru
 14264 | D:10     | Reached XP level 11. HP: 53/113 MP: 22/22
 14734 | D:10     | Found the +1 robe of Vines {NoPotionHeal Regen++++}
 14794 | D:10     | Found a glowing golden altar of the Shining One.
 15036 | D:11     | Found a staircase to the Orcish Mines.
 15040 | D:11     | Identified the +0 hat of Classification {rElec rF- Will+++
                  | Str-4} (Okawaru gifted it to you on level 11 of the
                  | Dungeon)
 15040 | D:11     | Received a gift from Okawaru
 15818 | Orc:1    | Entered Level 1 of the Orcish Mines
 15823 | Orc:1    | Noticed an orc sorcerer
 15825 | Orc:1    | Reached skill level 1 in Invocations
 15827 | Orc:1    | Paralysed by an orc sorcerer for 3 turns
 15833 | Orc:1    | Killed an orc sorcerer
 15961 | Orc:1    | Noticed an orc sorcerer
 15999 | Orc:1    | Killed an orc sorcerer
 16057 | Orc:1    | Noticed an orc warlord
 16093 | Orc:1    | Killed an orc warlord
 16094 | Orc:1    | Reached skill level 10 in Fighting
 16183 | Orc:1    | Found an iron altar of Okawaru.
 16406 | Lair:1   | Entered Level 1 of the Lair of Beasts
 16421 | Lair:1   | Noticed an eight-headed hydra
 16428 | Lair:1   | Identified the +4 hat of the Mice {Str+6 Int+2 Dex+5}
                  | (Okawaru gifted it to you on level 1 of the Lair of Beasts)
 16428 | Lair:1   | Received a gift from Okawaru
 16429 | Lair:1   | Reached skill level 10 in Maces & Flails
 16432 | D:9      | Killed an eight-headed hydra
 16433 | D:9      | Reached XP level 12. HP: 117/126 MP: 24/24
 16676 | Lair:1   | Learned a level 3 spell: Swiftness
 16706 | Lair:1   | Noticed a seven-headed hydra
 16709 | Lair:1   | Killed a seven-headed hydra
 17128 | Lair:1   | Identified the +4 great mace "Fuobic" {flame, Str+6}
 17342 | Lair:2   | Found a dark tunnel.
 17348 | Volcano  | Entered a volcano
 17405 | Volcano  | Received a gift from Okawaru
 17469 | Volcano  | Noticed a sun demon
 17477 | Volcano  | Killed a sun demon
 17477 | Volcano  | Reached ****** piety under Okawaru
 17745 | Volcano  | Noticed a sun demon
 17755 | Volcano  | Killed a sun demon
 17870 | Volcano  | Noticed a sun demon
 17871 | Volcano  | Noticed a sun demon
 17877 | Volcano  | Killed a sun demon
 17886 | Volcano  | Noticed a fire dragon
 17887 | Volcano  | Killed a sun demon
 17888 | Volcano  | Reached skill level 5 in Invocations
 17893 | Volcano  | Killed a fire dragon
 17893 | Volcano  | Received a gift from Okawaru
 17927 | Volcano  | Identified the +2 pair of boots "Hugygas" {+Blink +Inv
                  | Str+2}
 18032 | Lair:2   | Identified a scroll of acquirement
 18032 | Lair:2   | Acquired 990 gold pieces
 18069 | Lair:2   | Received a gift from Okawaru
 18100 | Lair:2   | Reached XP level 13. HP: 137/137 MP: 26/26
 18264 | Lair:2   | Learned a level 4 spell: Airstrike
 18390 | Lair:2   | Reached skill level 1 in Air Magic
 18424 | Lair:2   | Reached skill level 10 in Spellcasting
 18871 | Lair:3   | Noticed Amaemon
 18875 | Lair:3   | Noticed Gastronok
 18879 | Lair:3   | Killed Amaemon
 18926 | Arena    | Entered the Arena
 18933 | Arena    | Killed Gastronok
 18933 | Arena    | Identified the +2 robe of Cupp {+Blink rN+} (Okawaru gifted
                  | it to you in the Arena)
 18933 | Arena    | Received a gift from Okawaru
 18944 | Lair:3   | Found a staircase to the Shoals.
 19276 | Lair:3   | Noticed Urug
 19348 | Lair:3   | Killed Urug
 20646 | Lair:4   | Received a gift from Okawaru
 20843 | Lair:4   | Reached XP level 14. HP: 129/150 MP: 28/28
 20858 | Lair:4   | Found a hole to the Spider Nest.
 21064 | Lair:5   | Found a staircase to the Slime Pits.
 21348 | Lair:5   | Noticed Nessos
 21358 | Lair:5   | Killed Nessos
 22111 | Lair:6   | Entered Level 6 of the Lair of Beasts
 22263 | Lair:6   | Received a gift from Okawaru
 22595 | Lair:6   | Received a gift from Okawaru
 23034 | Lair:6   | Reached XP level 15. HP: 146/161 MP: 20/30
 23088 | Lair:6   | Reached skill level 5 in Air Magic
 23270 | Lair:6   | Found a large runed translucent door.
 23274 | Lair:6   | Found a large runed translucent door.
 23491 | Lair:6   | Reached skill level 10 in Dodging
 23496 | Lair:6   | Noticed Snorg
 23496 | Lair:6   | Noticed Josephine
 23510 | Lair:6   | Killed Josephine
 23511 | Lair:6   | Killed Snorg
 24361 | Orc:2    | Entered Level 2 of the Orcish Mines
 24361 | Orc:2    | Found Marud's General Store.
 24364 | Orc:2    | Noticed Erolcha
 24398 | Orc:2    | Killed Erolcha
 24563 | Orc:2    | Found a staircase to the Elven Halls.
 24594 | Orc:2    | Found Riwn's Book Emporium.
 24613 | Orc:2    | Received a gift from Okawaru
 24622 | Orc:2    | Found Liolau's Antique Weapon Emporium.
 24623 | Orc:2    | Bought Ozocubu's Autobiography for 336 gold pieces
 24627 | Orc:2    | Learned a level 3 spell: Ozocubu's Armour
 24653 | Orc:2    | Found Qaagabo's General Store.
 24667 | Orc:2    | Reached skill level 1 in Ice Magic
 24690 | Orc:2    | Bought a scroll of brand weapon for 300 gold pieces
 24701 | Orc:2    | Found Duonwib's Antique Weapon Emporium.
 24760 | Orc:2    | Found Kyfer's Book Shoppe.
 24797 | Orc:2    | Bought a Young Poisoner's Handbook for 280 gold pieces
 24802 | Orc:2    | Learned a level 4 spell: Olgreb's Toxic Radiance
 24966 | Orc:2    | Noticed Maurice
 24984 | Orc:2    | Killed Maurice
 24997 | Orc:2    | Found Ciocul's Distillery.
 25006 | Orc:2    | Bought a potion of invisibility for 80 gold pieces
 25139 | Orc:2    | Found Faiwuyco's Jewellery Emporium.
 25142 | Orc:2    | Bought the ring "Rukoin" {rC+ AC+4 Dex-2 SInv} for 700 gold
                  | pieces
 25142 | Orc:2    | Bought an amulet of reflection for 420 gold pieces
 25201 | Orc:2    | Found Koerac's Antique Armour Boutique.
 25744 | D:12     | Reached skill level 1 in Poison Magic
 25871 | D:12     | Identified the +0 cloak "Tidut" {rElec rN+ Will+ Int+4}
 26368 | D:13     | Identified the +4 kite shield of the King {rF- Will+ Dex+4}
                  | (Okawaru gifted it to you on level 13 of the Dungeon)
 26368 | D:13     | Received a gift from Okawaru
 27019 | D:14     | Found a runed translucent door.
 27020 | D:14     | Found a shimmering altar of Xom.
 27020 | D:14     | Noticed Ekhlusag's ghost (journeyman MfGl)
 27040 | D:14     | Killed Ekhlusag's ghost
 27177 | D:14     | Found a gate to the Vaults.
 27224 | D:14     | Reached XP level 16. HP: 174/174 MP: 32/32
 27682 | D:14     | Received a gift from Okawaru
 27864 | D:14     | Identified the +0 plate armour of Dull Salvation {Int+10}
 28216 | D:15     | Entered Level 15 of the Dungeon
 28223 | D:15     | Found a staircase to the Depths.
 28321 | Arena    | Entered the Arena
 28438 | D:15     | Reached skill level 10 in Translocations
 28976 | Spider:1 | Entered Level 1 of the Spider Nest
 29016 | Spider:1 | Found a runed translucent gate.
 29017 | Spider:1 | Found a runed translucent gate.
 29018 | Spider:1 | Found a runed translucent gate.
 29028 | Spider:1 | Noticed Qonint's ghost (adept GnWn)
 29239 | Spider:1 | Reached skill level 15 in Fighting
 29404 | Spider:1 | Reached skill level 15 in Maces & Flails
 29774 | Spider:1 | Identified the +1 robe of Okawaru's Condemnation {rElec
                  | Dex+3 Slay+5 Stlth+} (Okawaru gifted it to you on level 1
                  | of the Spider Nest)
 29774 | Spider:1 | Received a gift from Okawaru
 29998 | Spider:1 | Acquired the ring of Remil {Drain Str+6 Int+7 Dex+6}
 30036 | Spider:1 | Killed Qonint's ghost
 30051 | Spider:1 | Identified the +8 falchion of the Volcano {elec, rElec
                  | Int+3}
 30884 | Spider:2 | Reached XP level 17. HP: 146/184 MP: 27/34
 31841 | Spider:3 | Noticed Agnes
 31994 | Arena    | Entered the Arena
 31999 | Arena    | Killed Agnes
 32030 | Spider:3 | Noticed Jorgrun
 32032 | Spider:3 | HP: 8/187 [spark wasp[a torpor snail] (10)]
 32032 | Spider:3 | HP: 1/187 [steelbarb worm (3)]
 32032 | Spider:3 | Mangled by a pharaoh ant

Illustrated notes

Levels and vault maps discovered:
D:1:      onia_arrival_zoo_common, layout_loops_corners,
          ebering_ecumenical_altar_mist, minmay_misc_feat_plants
D:2:      layout_loops_ring, mrwooster_statue_mirror, due_unseen_surprise,
          uniq_sigmund
D:3:      layout_loops_ring, mainiacjoe_overflow_concentric_impassable,
          nicolae_dithmenos_the_darkroom, kennysheep_cross_bottleneck,
          kennysheep_another_room, uniq_jessica
D:4:      layout_basic
D:5:      layout_basic, marbit_many_paths, lemuel_crystal_altar,
          minmay_temple_entry_stoned_glass, gup_sewer_entry_bubbles,
          serial_glass, glass_columns_c, glass_columns_a, glass_columns_a,
          serial_park_tiny_1, lightli_minifort, uniq_duvessa
D:6:      layout_basic, hex_intersection
D:7:      layout_loops_corners
D:8:      gammafunk_jiyva_shrine, layout_basic, uniq_prince_ribbit1
D:9:      layout_cave_pods, mainiacjoe_overflow_tiny_flanked, lair_entry_dummy
D:10:     layout_gridville, kennysheep_mini, minivault_20,
          hellmonk_guarded_unrand_vines
D:11:     layout_long_grid, zombieorc2_lemuel, serial_bayou_crossing
D:12:     layout_rooms
D:13:     nicolae_cairo_tiling_large_dashed, layout_basic, grunt_decor_fettered,
          ice2_lemuel
D:14:     minmay_spotlight, layout_stronghold, skrybe_vaults_entry_preservation,
          minivault_19, ebering_ghost_xom, chequers_garden,
          hangedman_abyss_or_decor_jellyfish_corner
D:15:     grunt_enter_depths_giant_problem, layout_basic
Temple:   eino_temple_rhombus
Lair:1:   layout_long_grid, gammafunk_lair_bear_cave, infiniplex_staircase_pool,
          grunt_megastairs_1
Lair:2:   layout_regular_city, enter_volcano_2, grunt_megastairs_4
Lair:3:   layout_small_grid, minmay_shoals_entry_beasts, uniq_urug,
          uniq_gastronok, uniq_amaemon
Lair:4:   hellmonk_destroyed_diamonds, layout_loops_ring,
          hellmonk_spider_entry_life_and_decay, patterned_corridor
Lair:5:   layout_regular_city, minmay_slime_entry_oklob_open, uniq_nessos
Lair:6:   cheibrodos_lair_end_hotspot, layout_regular_city, uniq_snorg,
          uniq_josephine
Spider:1: layout_chambers, gammafunk_ghost_split
Spider:2: layout_cave_pods, nicolae_spider_orb_run
Spider:3: layout_cave_pods, uniq_agnes, uniq_jorgrun, uniq_bai_suzhen
Orc:1:    layout_caves, basic_altar, okawaru_metal_pillars_3
Orc:2:    grunt_orc_gardens, layout_diamond_mine, grunt_orc_garden,
          grunt_orc_garden, grunt_orc_garden, grunt_orc_garden, serial_shops,
          nicolae_shop_behind_doors, nicolae_shop_trees, nicolae_square_shop,
          nicolae_shop_statue_plus, nicolae_shop_stone, basic_altar,
          uniq_maurice, uniq_erolcha

Skill      XL: |  1  2  3  4  5  6  7  8  9 10 11 12 13 14 15 16 |
---------------+-------------------------------------------------+-----
Maces & Flails | 2 3 4 5 7 8 10 11 12 13 14 15 | 15.8
Fighting       | 3 4 5 6 7 8 10 11 12 13 14 15 | 15.9
Spellcasting   | 3 4 5 6 7 8 9 10 11 12 13 | 13.5
Translocations | 3 4 5 6 7 8 9 10 | 10.8
Dodging        | 3 4 5 6 7 8 9 10 11 | 11.5
Unarmed Combat | 1 2 3 |  3.0
Invocations    | 3 5 6 7 |  7.2
Air Magic      | 3 4 5 |  5.5
Ice Magic      | 2 |  2.0
Poison Magic   | 3 4 |  4.0
Throwing       | |  1.0

Action                   |  1- 3 |  4- 6 |  7- 9 | 10-12 | 13-15 | 16-18 || total
-------------------------+-------+-------+-------+-------+-------+-------++-------
Melee: Mace              |    86 |       |       |    20 |       |       ||   106
       Rapier            |    16 |    91 |       |       |       |       ||   107
       Punch             |     1 |       |     1 |       |       |       ||     2
       Giant club        |       |     4 |   202 |       |   164 |   426 ||   796
       Spear             |       |       |     5 |       |       |       ||     5
       Giant spiked club |       |       |   105 |   357 |   639 |       ||  1101
       Flail             |       |       |    31 |     8 |       |       ||    39
       Kick              |       |       |    31 |       |       |       ||    31
       Great mace        |       |       |       |    25 |       |       ||    25
Throw: Dart              |       |       |     8 |    22 |     8 |       ||    38
       Throwing net      |       |       |       |     3 |       |       ||     3
       Boomerang         |       |       |       |     1 |       |       ||     1
 Cast: Teleport Other    |       |     1 |       |     1 |       |       ||     2
       Blink             |       |       |     7 |     3 |     8 |     2 ||    20
       Poisonous Vapours |       |       |       |     4 |     2 |       ||     6
       Manifold Assault  |       |       |       |    11 |    70 |    49 ||   130
       Portal Projectile |       |       |       |     2 |     6 |       ||     8
       Ozocubu's Armour  |       |       |       |       |     7 |     3 ||    10
       Olgreb's Toxic Ra |       |       |       |       |     2 |    10 ||    12
       Airstrike         |       |       |       |       |     1 |       ||     1
Invok: Heroism           |       |       |       |    10 |    19 |     9 ||    38
       Finesse           |       |       |       |     1 |       |     1 ||     2
       Duel              |       |       |       |       |     1 |     2 ||     3
Evoke: Wand              |       |       |    10 |     6 |     4 |     1 ||    21
  Use: Potion            |     3 |     2 |     7 |     2 |       |       ||    14
       Scroll            |     2 |     5 |    10 |    10 |    11 |     3 ||    41
 Stab: Sleeping          |       |       |       |       |     2 |     1 ||     3
       Distracted        |       |       |       |       |     1 |       ||     1
Armor: Robe              |    28 |    41 |   180 |   230 |   398 |   176 ||  1053
Dodge: Dodged            |    64 |    54 |   268 |   370 |   675 |   274 ||  1705
Block: Other             |       |       |       |       |    32 |    90 ||   122
       Reflection        |       |       |       |       |     5 |     3 ||     8

Table legend: (Time is in decaauts)
 A = Elapsed time spent in this place.
 B = Non-inter-level travel time spent in this place.
 C = Inter-level travel time spent in this place.
 D = Time resting spent in this place.
 E = Time spent auto-exploring this place.
 F = Levels seen in this place.
 G = Mean time per level.
                   A        B        C        D        E       F      G
               +--------+--------+--------+--------+--------+-----+--------+
         Total |  32387 |  31238 |   1149 |   5506 |  15839 |  31 | 1044.7 |
       Dungeon |  18941 |  18173 |    768 |   4253 |   8926 |  15 | 1262.7 |
        Temple |    524 |    524 |      0 |    320 |     99 |   1 |  524.0 |
          Lair |   7153 |   6831 |    322 |    467 |   4070 |   6 | 1192.2 |
   Spider Nest |   2982 |   2939 |     43 |    137 |   1938 |   3 |  994.0 |
  Orcish Mines |   2046 |   2031 |     15 |    102 |    767 |   2 | 1023.0 |
       Volcano |    675 |    675 |      0 |    227 |     39 |   1 |  675.0 |
         Arena |     63 |     63 |      0 |      0 |      0 |   3 |   21.0 |
               +--------+--------+--------+--------+--------+-----+--------+

Top non-repeatable levels by time:
  Lair:6: 1884 daAuts
    D:10: 1864 daAuts
     D:5: 1701 daAuts
     D:1: 1588 daAuts
Spider:1: 1538 daAuts
     D:4: 1538 daAuts
     D:8: 1522 daAuts
     D:7: 1495 daAuts
    D:14: 1458 daAuts
Spider:2: 1421 daAuts
     D:3: 1385 daAuts
     D:9: 1342 daAuts
  Lair:5: 1220 daAuts
     D:6: 1199 daAuts
  Lair:3: 1186 daAuts
